Map: Lerilak Crest

Players

AgCl - Winner!

  • Race: Protoss Protoss

Krissy

  • Race: Terran Terran

VOD

Have the link to the VOD?

Description

Time

  • Played on: May 4, 2015, 8:26 p.m.
  • Length: 2:12
Show
View Real Time Build Order
Export as new Build Order

AgCl Protoss - Winner!

Build Orders:  

Get SALT Encoding   

  12  0:02  Probe  
  13  0:18  Pylon  
  13  0:24  Probe  
  13  0:25  Assimilator  
  14  0:42  Probe  
  15  0:46  Gateway  
  15  0:54  Probe  
  16  1:07  Probe (Chrono Boost)  
  17  1:13  Pylon  
  17  1:19  Probe (Chrono Boost)  
  18  1:28  Probe (Chrono Boost)  
  19  1:36  Probe  
  20  1:41  Cybernetics Core  
  20  1:42  Assimilator  
  20  1:48  Probe  
  21  2:00  Probe (Chrono Boost)  
Show
View Real Time Build Order
Export as new Build Order

Krissy Terran 

Build Orders:  

Get SALT Encoding   

  12  0:02  SCV  
  13  0:14  SCV  
  14  0:18  Supply Depot  
  14  0:26  SCV  
  15  0:39  SCV  
  15  0:41  Barracks  
  16  0:54  SCV, Refinery  
  17  1:07  SCV  
  18  1:20  SCV  
  19  1:28  Supply Depot  
  19  1:30  Marine  
  20  1:34  Refinery  
  20  1:37  Orbital Command  
Tags
 
Add a new tag
Caveats
  • Supply blocks, unpowered buildings, or Contaminate may cause inaccurate times.
  • Supply counts are checked every 10 seconds.